 Dungeon Crawl Stone Soup version 0.30-a0-269-gf0224bf7b6 (webtiles) character file.

Game seed: 2130031673933019394

3320 Iusername the Blocker (level 9, -5/83 HPs)
             Began as a Minotaur Fighter on Oct 14, 2022.
             Was an Initiate of Gozag.
             Slain by a vampire (7 damage)
             ... on level 9 of the Dungeon.
             The game lasted 00:11:13 (9468 turns).

Iusername the Blocker (Minotaur Fighter)            Turns: 9468, Time: 00:11:13

Health: -5/83      AC: 16    Str: 27 (30) XL:     9   Next: 71%
Magic:  8/8        EV: 10    Int:  2 (5)  God:    Gozag
Gold:   90         SH:  0    Dex: 10 (11) Spells: 8/8 levels left

rFire   . . .      SeeInvis .    m - +8 frozen axe "Frostbite" {freezing cloud, *Noise Fly rC+}
rCold   + . .      Faith    .    (shield currently unavailable)
rNeg    . . .      Spirit   .    b - +0 scale mail
rPois   +          Reflect  .    (helmet restricted)
rElec   .          Harm     .    l - +2 cloak
rCorr   .          Rampage  .    C - +2 pair of gloves
Will    .....                    w - +0 pair of boots
Stlth   ..........               (no amulet)
HPRegen 0.33/turn                B - +6 ring of strength
MPRegen 0.11/turn                y - ring of poison resistance

@: flying, hasted, very quick
A: horns 2, retaliatory headbutt
a: Renounce Religion, Potion Petition, Call Merchant, Bribe Branch


You were on level 9 of the Dungeon.
You worshipped Gozag.
Gozag was noncommittal.
You visited 2 branches of the dungeon, and saw 10 of its levels.

You collected 1012 gold pieces.
You spent 848 gold pieces at shops.
You paid 74 gold pieces to Gozag.

Inventory:

Hand Weapons
 m - the +8 frozen axe "Frostbite" (weapon) {freezing cloud, *Noise Fly rC+}
   (You bought it in a shop on level 8 of the Dungeon)

   It freezes those it strikes, dealing additional cold damage.
   It can also slow down cold-blooded creatures.
   It occasionally leaves clouds of freezing vapour upon striking a foe.
   It grants immunity to clouds of freezing vapour.
   rC:        It protects you from cold.
   Fly:       It grants you flight.
   *Noise:    It may make noises in combat.
Armour
 b - a +0 scale mail (worn)
 l - a +2 cloak (worn)
 w - a +0 pair of boots (worn)
 C - a +2 pair of gloves (worn)
Jewellery
 y - a ring of poison resistance (right hand)
 B - a +6 ring of strength (left hand)
Wands
 o - a wand of mindburst (18)
 s - a wand of digging (5)
 E - a wand of charming (8)
 J - a wand of flame (18)
Scrolls
 a - 2 scrolls of identify
 e - a scroll of immolation {unknown}
 f - a scroll of noise {unknown}
 g - 4 scrolls of magic mapping
 h - a scroll of teleportation
 k - a scroll of poison
 r - 2 scrolls of fog
 t - a scroll of amnesia
 u - a scroll of acquirement {unknown}
 v - 3 scrolls of fear
 A - 2 scrolls of torment
 D - a scroll of vulnerability {unknown}
 I - a scroll of enchant armour {unknown}
Potions
 c - a potion of mutation {unknown}
 d - 4 potions of might
 i - 3 potions of heal wounds {unknown}
 j - 2 potions of lignification {unknown}
 n - a potion of attraction
 p - a potion of haste
 q - 2 potions of invisibility {unknown}
 x - a potion of brilliance
 z - 3 potions of degeneration
 F - a potion of flight {unknown}
 G - a potion of cancellation {unknown}


   Skills:
 + Level 9.1 Fighting
 + Level 8.6 Axes
 + Level 9.0 Armour
 + Level 9.1 Shields


You had 8 spell levels left.
You didn't know any spells.
Your spell library contained the following spells:

 Spells                   Type           Power      Damage    Failure   Level
 Freeze                   Ice            0%         1d3       78%         1
 Scorch                   Fire           0%         2d5       89%         2
 Frozen Ramparts          Ice            0%         1d1       98%         3
 Hailstorm                Conj/Ice       0%         3d3       98%         3
 Ignite Poison            Fire/Tmut/Pois 0%         N/A       98%         3
 Tukima's Dance           Hex            0%         N/A       98%         3
 Flame Wave               Conj/Fire      0%         2d4       100%        4
 Passage of Golubria      Tloc           0%         N/A       100%        4
 Sticky Flame             Conj/Fire      0%         2d3       100%        4
 Yara's Violent Unravell  Hex/Tmut       0%         3d3       100%        5
 Summon Cactus Giant      Summ           0%         N/A       100%        6
 Ignition                 Fire           0%         3d3       100%        8


Dungeon Overview and Level Annotations

Branches:
Dungeon (9/15)             Temple (1/1) D:4
   Lair: D:8-11         Orc: D:9-12

Altars:
Ashenzari
Cheibriados
Dithmenos
Elyvilon
Gozag
Hepliaklqana
Nemelex Xobeh
Okawaru
Qazlal
Sif Muna
Trog
Uskayaw
Wu Jian
Xom
Yredelemnul
Zin

Shops:
D:2 :   D:5 *   D:6 (   D:8 (


Innate Abilities, Weirdness & Mutations

You have a pair of horns on your head.
You reflexively headbutt those who attack you in melee.


Message History

The yak is no longer distracted by gold. x2
The yak gores you but does no damage.
Things that are here:
7 gold pieces; a +0 morningstar; a +0 robe The yak barely misses you.
You reach down and open the door.
Something hits you! Something bites you but does no damage.
The yak completely misses you. The yak gores you!
There is an open door here.
You need at least 400 gold to purchase potions right now!
It was a potion of degeneration.
There was something very wrong with that liquid.
You feel weakened.
You feel dopey.
You feel clumsy. Something hits you but does no damage. Something bites you.
Something draws strength from your injuries!
The yak gores you but does no damage.
You feel yourself speed up. Something hits you but does no damage.
Something bites you.
* * * LOW HITPOINT WARNING * * *
Something draws strength from your injuries!
The yak snorts and paws the ground.
The yak barely misses you. You furiously retaliate!
You headbutt the yak.
Okay, then.
You miss something. You headbutt something!
Something hits you but does no damage. Something completely misses you.
You hit something. Something hits you.
* * * LOW HITPOINT WARNING * * *
Something bites you!
* * * LOW HITPOINT WARNING * * *
Something draws strength from your injuries!
You hit something. Something hits you.
* * * LOW HITPOINT WARNING * * *
Something bites you but does no damage.
You hit something but do no damage. Something hits you but does no damage.
Something bites you!
* * * LOW HITPOINT WARNING * * *
Something draws strength from your injuries!
You hit something. Something hits you but does no damage. Something bites you!
You die...
Your body crumbles into a pile of gold.

#....# #....#..#
#....#..# #....#..#
#....#..+ #<...#..#
#....#..###.##
#...Y#........ .###
#..YY'@....... ....
#..YY#...##... .....
#....#...#
.....####$...#.....
..........$..#.......
........$....#...##...
####........#...# ...
#........#.... ..
#....#####


You could see 5 yaks.

Vanquished Creatures
  Pikel (D:8)
  A wraith (D:8)
  A steam dragon (D:6)
  Menkaure (D:7)
  2 water moccasins
  Duvessa (D:7)
  2 orc warriors (D:8)
  A black bear (D:5)
  4 centaurs
  A phantom (D:4)
  4 bullfrogs
  A necrophage (D:7)
  A scorpion (D:5)
  8 wights
  Dowan (D:7)
  A jelly (D:6)
  3 orc priests
  3 hounds
  Crazy Yiuf (D:7)
  3 iguanas (D:5)
  4 orc wizards
  4 gnolls
  6 adders
  5 shadow imps
  3 dart slugs
  19 orcs
  8 ball pythons
  11 bats
  10 endoplasms
  4 giant cockroaches
  8 goblins
  7 hobgoblins
  6 jackals
  2 quokkas (D:5)
  3 frilled lizards
  11 kobolds
  6 rats
158 creatures vanquished.

Vanquished Creatures (others)
  2 fungi (D:7)
2 creatures vanquished.

Grand Total: 160 creatures vanquished

Notes
Turn   | Place    | Note
-------+----------+-------------------------------------------
     0 | D:1      | Iusername the Minotaur Fighter began the quest for the Orb.
     0 | D:1      | Reached XP level 1. HP: 19/19 MP: 0/0
   130 | D:1      | Reached XP level 2. HP: 27/27 MP: 1/1
   661 | D:2      | Reached XP level 3. HP: 33/33 MP: 2/2
  1112 | D:2      | Found Ifucsyno's Vocational Training.
  2001 | D:3      | Reached XP level 4. HP: 41/41 MP: 3/3
  2820 | D:4      | Reached XP level 5. HP: 31/47 MP: 4/4
  2927 | D:4      | Noticed a phantom
  2935 | D:4      | Killed a phantom
  2936 | D:4      | Reached skill level 5 in Fighting
  2936 | D:4      | Reached skill level 5 in Shields
  2978 | D:4      | Reached skill level 5 in Armour
  3221 | D:4      | Reached XP level 6. HP: 45/56 MP: 5/5
  3768 | D:4      | Found a staircase to the Ecumenical Temple.
  3803 | Temple   | Entered the Ecumenical Temple
  4006 | Temple   | Became a worshipper of Gozag Ym Sagoz the Greedy
  4618 | D:5      | Entered Level 5 of the Dungeon
  4761 | D:5      | Found a hazy altar of Hepliaklqana.
  5000 | D:5      | Found Cogguupty's Lightly-Used Armoury.
  5006 | D:5      | Reached skill level 5 in Axes
  5006 | D:5      | Reached XP level 7. HP: 54/62 MP: 6/6
  5296 | D:5      | You fall into a shaft and drop 3 floors!
  5793 | D:7      | Noticed Pikel
  5804 | D:8      | Killed Pikel
  5805 | D:8      | Reached XP level 8. HP: 42/73 MP: 7/7
  6161 | D:6      | Found a shimmering altar of Xom.
  6571 | D:6      | Reached XP level 9. HP: 71/81 MP: 8/8
  6666 | D:6      | Found Cimnywke's Weapon Shoppe.
  6975 | D:5      | Bought a -2 executioner's axe for 1 gold piece
  7451 | D:7      | Noticed Dowan
  7451 | D:7      | Noticed Duvessa
  7455 | D:7      | Noticed Menkaure
  7459 | D:7      | Killed Duvessa
  7469 | D:7      | Killed Menkaure
  7477 | D:7      | Killed Dowan
  8287 | D:7      | Found a runed translucent door.
  8288 | D:7      | Noticed Crazy Yiuf
  8651 | D:7      | Killed Crazy Yiuf
  9048 | D:8      | Found Gawkin's Weapon Shop.
  9056 | D:8      | Bought the +8 frozen axe "Frostbite" {freezing cloud,
                  | *Noise Fly rC+} for 847 gold pieces
  9056 | D:8      | Found the +8 frozen axe "Frostbite" {freezing cloud, *Noise
                  | Fly rC+}
  9467 | D:9      | HP: 2/83 [something (8)]
  9468 | D:9      | Slain by a vampire

Illustrated notes

Levels and vault maps discovered:
D:1:      spicycebolla_arrival_ecumenical, layout_loops_ring
D:2:      layout_basic, serial_co_window_serial, co_window_of_opportunity_a,
          co_window_cross_1, co_window_corner_a, co_window_paths_b,
          co_window_corner_a, co_window_2corner, co_window_unsneaky_path_d,
          co_window_corner_b, co_window_unsneaky_path_d, co_window_4corner_a,
          co_window_sun, glass_columns_c, glass_columns_a, glass_columns_c,
          glass_columns_b, glass_columns_a, nicolae_shop_vocational
D:3:      layout_basic, minmay_close_crescents
D:4:      layout_layer_cave, minmay_temple_entry_nine_rooms
D:5:      layout_loops_cross, lemuel_coloured_pillars_altar, minmay_shop_damaged
D:6:      layout_rooms, xom_butterflies, serial_shops,
          nicolae_shop_bloodbath_and_beyond
D:7:      layout_loops_cross, st_stairs_2, hangedman_abyss_or_decor_passed,
          uniq_menkaure, uniq_duvessa, uniq_crazy_yiuf_cottage, uniq_pikel
D:8:      layout_rooms, serial_shops, shop
D:9:      kennysheep_spiral_hall, layout_gridville, serial_shops,
          nicolae_stop_n_shop_2, serial_bayou_crossing
Temple:   mainiacjoe_temple_cubbyholes

Skill      XL: |  1  2  3  4  5  6  7  8  9 |
---------------+----------------------------+-----
Shields        | 4 5 7 8 9 |  9.1
Armour         | 4 5 7 9 |  9.0
Fighting       | 4 5 7 8 9 |  9.1
Axes           | 3 4 5 6 7 8 |  8.6

Action                   |  1- 3 |  4- 6 |  7- 9 || total
-------------------------+-------+-------+-------++-------
Melee: War axe           |   104 |   130 |    84 ||   318
       Headbutt          |     6 |    18 |    29 ||    53
       Executioner's axe |       |       |    61 ||    61
  Use: Scroll            |       |     7 |    11 ||    18
       Potion            |       |       |     6 ||     6
Armor: Scale mail        |    58 |   102 |    90 ||   250
Dodge: Dodged            |    53 |    72 |    84 ||   209
Block: Buckler           |    26 |    31 |    24 ||    81

Table legend: (Time is in decaauts)
 A = Elapsed time spent in this place.
 B = Non-inter-level travel time spent in this place.
 C = Inter-level travel time spent in this place.
 D = Time resting spent in this place.
 E = Time spent auto-exploring this place.
 F = Levels seen in this place.
 G = Mean time per level.
                   A        B        C        D        E       F      G
               +--------+--------+--------+--------+--------+-----+--------+
         Total |   9625 |   9316 |    309 |   2463 |   5573 |  10 |  962.5 |
       Dungeon |   9403 |   9111 |    292 |   2463 |   5380 |   9 | 1044.8 |
        Temple |    221 |    204 |     17 |      0 |    193 |   1 |  221.0 |
               +--------+--------+--------+--------+--------+-----+--------+

Top non-repeatable levels by time:
     D:4: 1614 daAuts
     D:8: 1536 daAuts
     D:5: 1350 daAuts
     D:7: 1327 daAuts
     D:2: 1283 daAuts
     D:3: 983 daAuts
     D:6: 672 daAuts
     D:1: 589 daAuts
  Temple: 221 daAuts
     D:9: 46 daAuts
